 Dungeon Crawl Stone Soup version 0.28-a0-816-gb054d885db (webtiles) character file.

Game seed: 16940691638340898405

1304 cheechan the Chopper (level 8, -3/67 HPs)
             Began as a Palentonga Monk on Nov 8, 2021.
             Was a Believer of Okawaru.
             Slain by an orc warrior (17 damage)
             ... on level 6 of the Dungeon.
             The game lasted 00:20:24 (5725 turns).

cheechan the Chopper (Palentonga Monk)              Turns: 5725, Time: 00:20:24

Health: -3/67      AC: 18    Str: 15    XL:     8   Next: 31%
Magic:  8/8        EV:  5    Int: 12    God:    Okawaru [**....]
Gold:   307        SH:  0    Dex: 13    Spells: 7/7 levels left

rFire   . . .      SeeInvis +   f - +4 hand axe (venom)
rCold   + . .      Faith    .   (no shield)
rNeg    . . .      Spirit   .   n - +3 chain mail {rC+}
rPois   .          Reflect  .   (no helmet)
rElec   .          Harm     .   (no cloak)
rCorr   .          Rampage  .   (no gloves)
Will    .....                   (no barding)
Stlth   ..........              o - amulet of magic regeneration
HPRegen 0.21/turn               (no ring)
MPRegen 0.36/turn               (no ring)

@: curled up
A: large, rugged brown scales 3, see invisible, deformed body, roll 1, armoured
tail, reflexive curl
a: Rolling Charge, Renounce Religion, Heroism


You were on level 6 of the Dungeon.
You worshipped Okawaru.
Okawaru was pleased with you.
You visited 2 branches of the dungeon, and saw 7 of its levels.

You collected 307 gold pieces.

Inventory:

Hand Weapons
 a - a +1 vampiric spear
 f - a +4 hand axe of venom (weapon)
 k - a +0 hunting sling
 m - a +1 flail of protection
Missiles
 b - 61 arrows
 c - 41 bolts
 h - 19 poisoned darts
 j - 15 sling bullets
 l - 3 boomerangs
Armour
 n - a +3 chain mail of cold resistance (worn)
Jewellery
 o - an amulet of magic regeneration (around neck)
Wands
 t - a wand of paralysis (9)
Scrolls
 g - a scroll of fog
 i - 2 scrolls of silence
 p - a scroll of noise
 s - a scroll of amnesia
Potions
 d - a potion of attraction
 e - 2 potions of curing
 q - 2 potions of flight
 r - a potion of cancellation {unknown}


   Skills:
 + Level 5.5 Fighting
 + Level 7.3 Axes
 + Level 4.1 Armour
 + Level 3.3 Dodging
 + Level 1.6 Stealth


You had 7 spell levels left.
You didn't know any spells.
Your spell library contained the following spells:

 Spells                   Type           Power      Damage    Failure   Level
 Freeze                   Ice            0%         1d3       99%         1
 Pain                     Necr           0%         1d4       99%         1
 Corpse Rot               Necr/Air       0%         N/A       100%        2
 Poisonous Vapours        Pois/Air       0%         N/A       100%        2
 Frozen Ramparts          Ice            0%         1d2       100%        3
 Inner Flame              Hex/Fire       0%         N/A       100%        3
 Vampiric Draining        Necr           0%         2d6       100%        3
 Cause Fear               Hex            0%         N/A       100%        4
 Hailstorm                Conj/Ice       0%         3d3       100%        4
 Discord                  Hex            0%         N/A       100%        8
 Animate Skeleton         Necr           Unusable   N/A       N/A         1

Dungeon Overview and Level Annotations

Branches:
Dungeon (6/15)             Temple (1/1) D:5

Altars:
Ashenzari
Cheibriados
Dithmenos
Elyvilon
Fedhas
Gozag
Hepliaklqana
Kikubaaqudgha
Makhleb
Nemelex Xobeh
Okawaru
Qazlal
Ru
Sif Muna
Trog
Uskayaw
Vehumet
Wu Jian
Xom
Yredelemnul
Zin
The Shining One


Innate Abilities, Weirdness & Mutations

You are completely covered in rugged brown scales. (AC +3, +7% HP)
You have supernaturally acute eyesight. (SInv)
Armour fits poorly on your strangely shaped body.
You can roll at nearby foes to attack.
You have a long armoured tail.
You curl defensively after being hit. (AC +7*)


Message History

You struggle to resist.
Roll where?
Press: ? - help, Q - select action, (/) - cycle Dir - move target, f - orc priest
Aim: an orc priest, wielding a +0 trident You roll forward with a clatter of scales!
You slash the orc priest!
The orc priest is heavily wounded.
You hit the orc.
The orc is poisoned.
You hit the orc warrior but do no damage.
You barely miss the orc. The orc hits you but does no damage. x2
The orc warrior hits you with a +0 dire flail!
The orc priest hits you but does no damage.
Okay, then.
You hit the orc priest.
The orc priest is almost dead.
You barely miss the orc. You hit the orc warrior.
The orc warrior looks as sick as possible!
You hit the orc.
The orc is poisoned.
The orc hits you with a +0 club. The orc closely misses you.
The orc warrior hits you with a +0 dire flail!
* * * LOW HITPOINT WARNING * * *
Okay, then.
Okay, then.
You barely miss the orc priest.
The orc priest is almost dead.
You hit the orc.
You kill the orc!
Okawaru accepts your kill.
You hit the orc warrior but do no damage.
You hit the orc.
You kill the orc!
Okawaru accepts your kill.
The orc priest mumbles some strange prayers to Beogh against you.
Beogh smites you!
* * * LOW HITPOINT WARNING * * *
You feel better.
The orc warrior hits you with a +0 dire flail!
You die...

#.#.#.#.#.###..............##
#.#.#.#...###.....###.##.####.
..................# #.........
#.###.#[#.######### #.##.#....
#.........######## ### ###..
###..............#####..
###.....................
.##............o°###.###
.##.......######@.......
.####.#+#.# #)o)##.### .)# #.
#.# #...# #.# #. #.# #...#
#.###. ..# ....# ...# ...
....## ...# ..... ...##..
#..... .......


You could see an orc warrior (extremely poisoned) and an orc priest.

Vanquished Creatures
  A water moccasin (D:6)
  A black bear (D:6)
  2 necrophages
  A phantom (D:5)
  A bullfrog (D:6)
  2 scorpions
  2 water moccasin skeletons (D:5)
  2 jellies (D:4)
  An iron imp (D:3)
  A hound (D:6)
  A bullfrog skeleton (D:6)
  A gnoll shaman (D:3)
  An orc priest (D:4)
  3 iguanas
  An orc wizard (D:4)
  13 gnolls
  5 adders
  A shadow imp (D:5)
  A white imp (D:4)
  An ufetubus (D:5)
  2 worms (D:2)
  A dart slug (D:2)
  12 orcs
  8 ball pythons
  4 bats
  6 endoplasms
  A giant cockroach (D:4)
  3 hobgoblins (D:1)
  4 jackals
  4 quokkas
  2 frilled lizards (D:1)
  10 goblins
  4 kobolds
  6 rats
109 creatures vanquished.

Vanquished Creatures (others)
  A fungus (D:1)
  7 plants
8 creatures vanquished.

Grand Total: 117 creatures vanquished

Notes
Turn   | Place    | Note
-------+----------+-------------------------------------------
     0 | D:1      | cheechan the Palentonga Monk began the quest for the Orb.
     0 | D:1      | Reached XP level 1. HP: 19/19 MP: 1/1
   184 | D:1      | Reached XP level 2. HP: 25/25 MP: 2/2
   433 | D:1      | Found a faded altar of an unknown god.
  1050 | D:2      | Reached XP level 3. HP: 7/31 MP: 3/3
  2025 | D:3      | Reached skill level 4 in Axes
  2025 | D:3      | Reached XP level 4. HP: 36/37 MP: 4/4
  2063 | D:3      | Reached XP level 5. HP: 35/43 MP: 5/5
  2151 | D:3      | Found a snail-covered altar of Cheibriados.
  2159 | D:3      | Reached skill level 1 in Armour
  2332 | D:3      | Noticed a necrophage
  2344 | D:3      | Killed a necrophage
  2345 | D:3      | Reached skill level 5 in Axes
  2345 | D:3      | Reached XP level 6. HP: 29/51 MP: 6/6
  3607 | D:4      | Reached skill level 6 in Axes
  3607 | D:4      | Gained mutation: You curl defensively after being hit. (AC
                  | +7*) [Palentonga growth]
  3607 | D:4      | Reached XP level 7. HP: 52/58 MP: 7/7
  3873 | D:5      | Entered Level 5 of the Dungeon
  3961 | D:5      | Found a staircase to the Ecumenical Temple.
  3973 | Temple   | Entered the Ecumenical Temple
  4032 | Temple   | Became a worshipper of Warmaster Okawaru
  4032 | Temple   | Reached * piety under Okawaru
  4032 | Temple   | Reached ** piety under Okawaru
  4609 | D:5      | Reached skill level 5 in Fighting
  5157 | D:6      | Reached XP level 8. HP: 46/66 MP: 8/8
  5217 | D:6      | HP: 3/66 [poisoned by a water moccasin]
  5614 | D:6      | Reached skill level 7 in Axes
  5724 | D:6      | HP: 2/67 [orc priest/divine providence (17)]
  5725 | D:6      | Slain by an orc warrior

Illustrated notes

Levels and vault maps discovered:
D:1:      elethiomel_arrival_shortcut, layout_basic,
          shapermc_ecumenical_altar_ellora
D:2:      layout_loops_ring
D:3:      layout_basic, slow_altar_2
D:4:      minmay_chambers_of_fours, layout_gridville
D:5:      layout_gridville, minmay_temple_entry_trees
D:6:      layout_basic
Temple:   kilobyte_greek_temple

Skill      XL: |  1  2  3  4  5  6  7  8 |
---------------+-------------------------+-----
Axes           | 4 5 6 7 |  7.3
Dodging        | 3 |  3.3
Armour         | 1 2 3 4 |  4.1
Fighting       | 4 5 |  5.5
Stealth        | |  1.6

Action                   |  1- 3 |  4- 6 |  7- 9 || total
-------------------------+-------+-------+-------++-------
Melee: Hand axe          |   124 |    96 |   124 ||   344
       Tailslap          |    13 |    13 |    19 ||    45
 Abil: Rolling Charge    |    16 |    11 |     6 ||    33
  Use: Scroll            |     7 |     3 |     6 ||    16
       Potion            |       |     2 |     1 ||     3
 Stab: Sleeping          |     1 |       |       ||     1
Armor: Robe              |    11 |       |       ||    11
       Scale mail        |    19 |    11 |       ||    30
       Chain mail        |       |    32 |    64 ||    96
Dodge: Dodged            |    46 |    25 |    34 ||   105

Table legend: (Time is in decaauts)
 A = Elapsed time spent in this place.
 B = Non-inter-level travel time spent in this place.
 C = Inter-level travel time spent in this place.
 D = Time resting spent in this place.
 E = Time spent auto-exploring this place.
 F = Levels seen in this place.
 G = Mean time per level.
                   A        B        C        D        E       F      G
               +--------+--------+--------+--------+--------+-----+--------+
         Total |   5742 |   5742 |      0 |    984 |      0 |   7 |  820.3 |
       Dungeon |   5546 |   5546 |      0 |    984 |      0 |   6 |  924.3 |
        Temple |    196 |    196 |      0 |      0 |      0 |   1 |  196.0 |
               +--------+--------+--------+--------+--------+-----+--------+

Top non-repeatable levels by time:
     D:4: 1051 daAuts
     D:5: 1015 daAuts
     D:2: 968 daAuts
     D:1: 943 daAuts
     D:3: 930 daAuts
     D:6: 636 daAuts
  Temple: 196 daAuts
